 Dungeon Crawl Stone Soup version 0.27.0-66-gdc8fb28755 (webtiles) character file.

Game seed: 3022411560931133612

62 SkeletonJelly the Chucker (level 4, -1/44 HPs)
             Began as an Ogre Hunter on Aug 19, 2021.
             Slain by an adder (3 damage)
             ... on level 2 of the Dungeon on Aug 20, 2021.
             The game lasted 00:05:30 (2499 turns).

SkeletonJelly the Chucker (Ogre Hunter)             Turns: 2499, Time: 00:05:30

Health: -1/44      AC:  3    Str: 16    XL:     4   Next: 8%
Magic:  4/4        EV: 10    Int: 12    God:
Gold:   59         SH:  0    Dex: 10    Spells: 3/3 levels left

rFire    . . .     SeeInvis .   a - +0 short sword
rCold    . . .     Faith    .   (no shield)
rNeg     . . .     Spirit   .   b - +0 robe
rPois    .         Reflect  .   (helmet restricted)
rElec    .         Harm     .   (no cloak)
rCorr    .         Rampage  .   (gloves unavailable)
Will     .....                  (boots unavailable)
Stlth    +.........             (no amulet)
HPRegen  0.14/turn              (no ring)
MPRegen  0.09/turn              (no ring)

@: lethally poisoned (-1 -> -4)
A: large, unfitting armour, tough skin 1
a: no special abilities


You were on level 2 of the Dungeon.
You visited 1 branch of the dungeon, and saw 2 of its levels.

You collected 59 gold pieces.

Inventory:

Hand Weapons
 a - a +0 short sword (weapon)
Missiles
 c - 3 large rocks
 d - 2 throwing nets
 e - 25 stones (quivered)
Armour
 b - a +0 robe (worn)
Jewellery
 i - a ring of wizardry
Scrolls
 f - a scroll of identify {unknown}
 k - 2 scrolls of fear {unknown}
Potions
 g - 2 potions of brilliance {unknown}
 h - 3 potions of haste {unknown}
 j - a potion of curing {unknown}
 l - 2 potions of might {unknown}
 m - a potion of lignification {unknown}


   Skills:
 - Level 2.6 Fighting
 - Level 4.0 Throwing
 + Level 3.8 Dodging
 - Level 0.6 Stealth


You had 3 spell levels left.
You didn't know any spells.
Your spell library was empty.

Dungeon Overview and Level Annotations

Branches:
Dungeon (2/15)

Altars:


Innate Abilities, Weirdness & Mutations

You are too large for most types of armour.
You have tough skin. (AC +1)


Message History

Key pressed, stopping explore.
Key pressed, stopping explore.
Key pressed, stopping explore.
Key pressed, stopping explore.
You now have 40 gold pieces (gained 19).
Found an escape hatch in the ceiling.
There is an escape hatch in the ceiling here.
You now have 49 gold pieces (gained 9).
You now have 59 gold pieces (gained 10).
Key pressed, stopping explore.
An adder comes into view.
The adder hisses angrily.
You throw a stone. The stone barely misses the adder.
Throw: 4 large rocks
Press: ? - help, Shift-Dir - straight line, f/p - adder
Aim: an adder (40% to hit)
You throw a large rock. The large rock misses the adder.
The adder closely misses you. x2
You hit the adder but do no damage. The adder bites you.
The adder closely misses you.
You closely miss the adder. The adder bites you but does no damage.
You miss the adder. The adder bites you. The adder barely misses you.
You barely miss the adder. The adder barely misses you.
You miss the adder. The adder closely misses you. The adder barely misses you.
You miss the adder. The adder misses you.
You hit the adder.
The adder is moderately wounded.
The adder misses you. The adder bites you.
You completely miss the adder.
The adder is moderately wounded.
The adder bites you but does no damage.
You hit the adder.
The adder is heavily wounded.
The adder bites you.
You are poisoned.
The adder poisons you! The adder bites you.
You are more poisoned.
The adder poisons you!
You closely miss the adder.
The adder is heavily wounded.
You feel very sick. The adder barely misses you.
You miss the adder.
The adder is heavily wounded.
You feel very sick. The adder misses you.
You barely miss the adder.
The adder is heavily wounded.
You feel sick.
The adder bites you but does no damage. x2
You hit the adder but do no damage.
The adder is heavily wounded.
You feel sick. The adder misses you.
You closely miss the adder.
The adder is heavily wounded.
You feel sick. The adder bites you. x2
You barely miss the adder.
The adder is heavily wounded.
You feel sick. The adder bites you but does no damage.
You closely miss the adder.
The adder is heavily wounded.
You feel sick. The adder barely misses you. x2
You miss the adder.
The adder is heavily wounded.
You feel sick.
You are no longer poisoned.
The adder closely misses you.
You barely miss the adder.
The adder is heavily wounded.
The adder barely misses you. The adder closely misses you.
You hit the adder but do no damage.
The adder is heavily wounded.
The adder bites you.
You barely miss the adder.
The adder is heavily wounded.
The adder closely misses you.
You closely miss the adder.
The adder is heavily wounded.
The adder bites you.
* * * LOW HITPOINT WARNING * * *
The adder bites you.
* * * LOW HITPOINT WARNING * * *
You miss the adder.
The adder is heavily wounded.
The adder bites you.
* * * LOW HITPOINT WARNING * * *
You are poisoned.
The adder poisons you!
You closely miss the adder.
The adder is heavily wounded.
* * * LOW HITPOINT WARNING * * *
You feel sick. The adder misses you. The adder completely misses you.
You hit the adder.
The adder is severely wounded.
You feel sick. The adder bites you.
* * * LOW HITPOINT WARNING * * *
You miss the adder.
The adder is severely wounded.
* * * LOW HITPOINT WARNING * * *
You feel sick. The adder closely misses you. The adder bites you.
You die...

#.....###......#
###.#..##
######.#
.......# #.#
###....# #.#
####+# #.# #.# #
#.# .# ##.#.#
#S@.# +..(....#
###.......#
#.#.##..# #.###
..# #. .# #. .#


You could see an adder.

Vanquished Creatures
  2 adders (D:2)
  2 worms (D:2)
  3 endoplasms (D:1)
  3 giant cockroaches (D:1)
  A goblin (D:1)
  2 hobgoblins (D:1)
  6 kobolds
  3 quokkas (D:1)
  2 ball pythons (D:2)
  4 bats
  3 frilled lizards (D:1)
  4 rats
35 creatures vanquished.

Notes
Turn   | Place    | Note
-------+----------+-------------------------------------------
     0 | D:1      | SkeletonJelly the Ogre Hunter began the quest for the Orb.
     0 | D:1      | Reached XP level 1. HP: 22/22 MP: 1/1
   216 | D:1      | Reached XP level 2. HP: 29/29 MP: 2/2
   719 | D:1      | You fall into a shaft and drop 1 floor!
   762 | D:2      | Reached XP level 3. HP: 36/36 MP: 3/3
  2098 | D:2      | Reached XP level 4. HP: 38/44 MP: 4/4
  2499 | D:2      | HP: 2/44 [poisoned by an adder]
  2499 | D:2      | Slain by an adder

Illustrated notes

Levels and vault maps discovered:
D:1:      erik_arrival_blinker_ship, layout_loops_corners
D:2:      minmay_alternating_diamond, layout_loops_corners,
          minmay_misc_feat_square

Skill      XL: |  1  2 |
---------------+-------+-----
Dodging        | 2 3 |  3.8
Fighting       | |  2.6
Throwing       | |  4.0
Stealth        | |  0.6

Action                   |  1- 3 |  4- 6 || total
-------------------------+-------+-------++-------
Melee: Short sword       |    75 |    35 ||   110
Throw: Stone             |    94 |    12 ||   106
       Large rock        |     8 |     1 ||     9
Armor: Robe              |    37 |     7 ||    44
Dodge: Dodged            |    79 |    25 ||   104
